 Dungeon Crawl Stone Soup version 0.27-a0-412-g8dd771eca2 (webtiles) character file.

Game seed: 17042108339190018037

1426 wampuh the Blocker (level 8, -3/68 HPs)
             Began as a Minotaur Fighter on Feb 24, 2021.
             Was an Initiate of Makhleb.
             Slain by an orc warrior
             ... wielding a +0 battleaxe
              (14 damage)
             ... on level 6 of the Dungeon.
             The game lasted 00:04:49 (5320 turns).

wampuh the Blocker (Minotaur Fighter)               Turns: 5320, Time: 00:04:50

Health: -3/68      AC: 11    Str: 23    XL:     8   Next: 44%
Magic:  7/7        EV:  6    Int:  5    God:    Makhleb [......]
Gold:   248        SH: 11    Dex: 10    Spells: 7/7 levels left

rFire    + . .     SeeInvis .   a - +0 war axe
rCold    . . .     Faith    .   c - +0 kite shield
rNeg     . . .     Spirit   .   z - +0 chain mail
rPois    +         Reflect  .   (helmet restricted)
rElec    .         Harm     .   y - +0 cloak
rCorr    .         Rampage  .   (no gloves)
Will     .....                  (no boots)
Stlth    ..........             (no amulet)
HPRegen  0.21/turn              d - ring of protection from fire
MPRegen  0.10/turn              n - ring of poison resistance

@: about to teleport
A: retaliatory headbutt, horns 2
a: Renounce Religion


You were on level 6 of the Dungeon.
You worshipped Makhleb.
Makhleb was noncommittal.
You visited 2 branches of the dungeon, and saw 7 of its levels.

You collected 248 gold pieces.

Inventory:

Hand Weapons
 a - a +0 war axe (weapon)
 e - a +0 whip of flaming
Armour
 c - a +0 kite shield (worn)
 y - a +0 cloak (worn)
 z - a +0 chain mail (worn)
Jewellery
 d - a ring of protection from fire (left hand)
 n - a ring of poison resistance (right hand)
 w - a ring of wizardry
Wands
 s - a wand of polymorph (8)
 v - a wand of paralysis (11)
Scrolls
 b - a scroll of amnesia {unknown}
 f - 3 scrolls of blinking {unknown}
 h - 3 scrolls of teleportation
 i - 10 scrolls of identify {unknown}
 j - a scroll of noise {unknown}
 k - a scroll of fog {unknown}
 m - 2 scrolls of enchant weapon {unknown}
 p - a scroll of fear {unknown}
 q - 2 scrolls of magic mapping {unknown}
 r - a scroll of immolation {unknown}
 t - a scroll of enchant armour {unknown}
 u - a scroll of acquirement {unknown}
Potions
 g - a potion of lignification {unknown}
 l - 2 potions of curing
 o - a potion of heal wounds {unknown}
 x - a potion of magic {unknown}


   Skills:
 - Level 5.0 Fighting
 + Level 8.6 Axes
 - Level 5.0 Armour
 + Level 8.9 Shields


You had 7 spell levels left.
You didn't know any spells.
Your spell library contained the following spells:

 Spells                   Type           Power        Failure   Level
 Animate Skeleton         Necr           0%           100%        1
 Beastly Appendage        Tmut           0%           100%        1
 Pain                     Necr           0%           100%        1
 Sublimation of Blood     Necr           0%           100%        2
 Wereblood                Tmut           0%           100%        2
 Spider Form              Tmut/Pois      0%           100%        3
 Vampiric Draining        Necr           0%           100%        3
 Ice Form                 Ice/Tmut       0%           100%        4
 Blade Hands              Tmut           0%           100%        5


Dungeon Overview and Level Annotations

Branches:
Dungeon (6/15)             Temple (1/1) D:5

Altars:
Ashenzari
Kikubaaqudgha
Makhleb
Wu Jian
Yredelemnul

Shops:
D:4 [

Annotations:
D:5 2 runed translucent doors, sraybest's ghost, amateur TrBe


Innate Abilities, Weirdness & Mutations

You reflexively headbutt those who attack you in melee.
You have a pair of horns on your head.


Message History

You closely miss the orc warrior. You headbutt the orc warrior!
The orc warrior is heavily wounded.
You barely miss something. You closely miss something.
The orc warrior hits you with a +0 battleaxe!
Something hits you but does no damage.
You hear some strange, mumbled words.
You are confused.
The gnoll hits you but does no damage.
An orc comes into view.
It is wielding a +2 long sword of protection.
The gnoll hits you but does no damage.
You are too injured to fight recklessly!
Your chain mail prevents you from hitting something.
You completely miss something.
The orc shouts!
You hit the orc warrior but do no damage.
You hear a shout!
Something hits you but does no damage. x2
The orc warrior hits you with a +0 battleaxe!
* * * LOW HITPOINT WARNING * * *
The gnoll hits you but does no damage.
An orc comes into view. It is wielding a +0 war axe.
The gnoll barely misses you. Something hits you.
* * * LOW HITPOINT WARNING * * *
Something hits you but does no damage.
It was a potion of curing.
You feel better.
The orc shouts!
You block the gnoll's attack. You block the orc warrior's attack.
The gnoll hits you from afar with a +0 spear.
* * * LOW HITPOINT WARNING * * *
You hear some strange, mumbled words.
A magic dart appears from out of thin air!
The magic dart hits you.
* * * LOW HITPOINT WARNING * * *
Something hits you.
* * * LOW HITPOINT WARNING * * *
As you read the scroll labelled JEHEID XOATIAPH, it crumbles to dust.
You feel strangely unstable.
It was a scroll of teleportation.
You block the gnoll's attack. x2
The orc warrior hits you with a +0 battleaxe!
You die...

#........#
#........#
#........#
#........#
######.###
#.# #.#
##.####)#
#....go@#
##.#..{{#
...o..gg#
..o.....#
...)....#
##.#....#
#......#
###....#


You could see an orc warrior, 3 gnolls and 2 orcs.

Vanquished Creatures
  Pikel (D:5)
  Grinder (D:5)
  Menkaure (D:5)
  Edmund (D:6)
  Blork the orc (D:4)
  A scorpion (D:4)
  A jelly (D:5)
  A hound (D:5)
  A centaur skeleton (D:6)
  2 iguanas
  Jessica (D:3)
  An orc wizard (D:3)
  A killer bee zombie (D:6)
  A hound skeleton (D:6)
  A howler monkey zombie (D:6)
  2 gnolls
  4 adders
  2 white imps
  An ufetubus (D:6)
  An ooze (D:4)
  3 adder skeletons
  3 dart slugs
  2 leopard geckos
  15 orcs
  2 ball pythons
  13 bats
  3 giant cockroaches
  6 goblins
  13 hobgoblins
  5 jackals
  A quokka (D:5)
  2 frilled lizards
  10 kobolds
  A leopard gecko skeleton (D:6)
  8 rats
113 creatures vanquished.

Vanquished Creatures (others)
  3 plants (D:3)
3 creatures vanquished.

Grand Total: 116 creatures vanquished

Notes
Turn   | Place    | Note
-------+----------+-------------------------------------------
     0 | D:1      | wampuh the Minotaur Fighter began the quest for the Orb.
     0 | D:1      | Reached XP level 1. HP: 19/19 MP: 0/0
    91 | D:1      | Reached XP level 2. HP: 24/27 MP: 1/1
   332 | D:1      | Reached XP level 3. HP: 33/33 MP: 2/2
  1214 | D:2      | Found a faded altar of an unknown god.
  1403 | D:2      | Became a worshipper of Kikubaaqudgha
  1403 | D:2      | Reached * piety under Kikubaaqudgha
  1403 | D:2      | Identified Kikubaaqudgha's Guide on Unholy Arts
                  | (Kikubaaqudgha gifted it to you on level 2 of the Dungeon)
  1403 | D:2      | Received a gift from Kikubaaqudgha
  1536 | D:3      | Reached XP level 4. HP: 40/40 MP: 3/3
  1893 | D:3      | Noticed Jessica
  1898 | D:3      | Killed Jessica
  1899 | D:3      | Reached XP level 5. HP: 46/47 MP: 4/4
  1969 | D:3      | Reached ** piety under Kikubaaqudgha
  2829 | D:4      | Found Bywomp's Antique Armour Shoppe.
  3036 | D:4      | Reached skill level 5 in Fighting
  3036 | D:4      | Reached skill level 5 in Armour
  3036 | D:4      | Reached skill level 5 in Shields
  3296 | D:4      | Noticed Blork the orc
  3300 | D:4      | Reached XP level 6. HP: 54/56 MP: 5/5
  3304 | D:4      | Killed Blork the orc
  3315 | D:4      | Reached skill level 5 in Axes
  3625 | D:5      | Entered Level 5 of the Dungeon
  3625 | D:5      | Noticed Pikel
  3637 | D:5      | Killed Pikel
  3638 | D:5      | Reached XP level 7. HP: 41/61 MP: 6/6
  3857 | D:5      | Found a large runed translucent door.
  3858 | D:5      | Found a large runed translucent door.
  3861 | D:5      | Noticed sraybest's ghost (amateur TrBe)
  3900 | D:5      | Noticed Menkaure
  3907 | D:5      | Noticed Grinder
  3908 | D:5      | Killed Menkaure
  3922 | D:5      | Killed Grinder
  3923 | D:5      | Reached XP level 8. HP: 38/68 MP: 7/7
  4312 | D:5      | Found a broken altar of Ashenzari.
  4381 | D:5      | Found a staircase to the Ecumenical Temple.
  4459 | Temple   | Entered the Ecumenical Temple
  4474 | Temple   | Fell from the grace of Kikubaaqudgha
  4474 | Temple   | Became a worshipper of Makhleb the Destroyer
  5123 | D:6      | Noticed Edmund
  5140 | D:6      | Killed Edmund
  5320 | D:6      | Slain by an orc warrior

Illustrated notes

Levels and vault maps discovered:
D:1:      dpeg_arrival_lava_temple_mockup, layout_loops_ring,
          minmay_tetromino_t2
D:2:      layout_loops_ring, chequers_ecumenical_altar_simple_redux,
          kennysheep_generic_room_12
D:3:      layout_loops_corners, serial_bayou_ford_a, uniq_jessica
D:4:      layout_loops_ring, serial_shops, shop, serial_bayou_pond_e,
          amethyst_killhole, uniq_blork_the_orc
D:5:      layout_loops_ring, minmay_temple_entry_poolview,
          ebering_ghost_disaster_area, ashenzari_altar_1, uniq_menkaure,
          uniq_pikel, uniq_grinder
D:6:      layout_basic, uniq_edmund
Temple:   minmay_crystal_snake_temple

Skill      XL: |  1  2  3  4  5  6  7 |
---------------+----------------------+-----
Armour         | 4 5 |  5.0
Shields        | 4 5 7 8 |  8.9
Fighting       | 4 5 |  5.0
Axes           | 3 4 6 8 |  8.6

Action                   |  1- 3 |  4- 6 |  7- 9 || total
-------------------------+-------+-------+-------++-------
Melee: War axe           |    89 |    91 |    88 ||   268
       Headbutt          |     7 |    13 |    19 ||    39
  Use: Potion            |       |     1 |     1 ||     2
       Scroll            |       |       |     1 ||     1
Armor: Scale mail        |    49 |    39 |    25 ||   113
       Chain mail        |       |       |    21 ||    21
Dodge: Dodged            |    30 |    22 |    31 ||    83
Block: Kite shield       |    55 |    51 |    67 ||   173

Table legend: (Time is in decaauts)
 A = Elapsed time spent in this place.
 B = Non-inter-level travel time spent in this place.
 C = Inter-level travel time spent in this place.
 D = Time resting spent in this place.
 E = Time spent auto-exploring this place.
 F = Levels seen in this place.
 G = Mean time per level.
                   A        B        C        D        E       F      G
               +--------+--------+--------+--------+--------+-----+--------+
         Total |   5445 |   5311 |    134 |    420 |   4132 |   7 |  777.9 |
       Dungeon |   5423 |   5297 |    126 |    420 |   4132 |   6 |  903.8 |
        Temple |     22 |     15 |      7 |      0 |      0 |   1 |   22.0 |
               +--------+--------+--------+--------+--------+-----+--------+

Top non-repeatable levels by time:
     D:3: 1307 daAuts
     D:5: 971 daAuts
     D:1: 938 daAuts
     D:4: 831 daAuts
     D:6: 730 daAuts
     D:2: 644 daAuts
  Temple: 22 daAuts
